 Seeded DCSS version 0.30.1-3-gfc49f6343a (webtiles) character file.

Game seed: 6351066067085065685 (custom seed)

7 Esekla the Grave Robber (level 1, -2/10 HPs)
             Began as a Deep Elf Necromancer on July 26, 2023.
             Was an Initiate of Vehumet.
             Slain by a kobold
             ... wielding a +1 short sword of freezing
              (5 damage)
             ... on level 4 of the Dungeon.
             The game lasted 00:04:15 (696 turns).

Esekla the Grave Robber (Deep Elf Necromancer)       Turns: 696, Time: 00:04:15

Health: -2/10      AC:  4    Str:  5    XL:     1   Next: 83%
Magic:  6/6        EV: 13    Int: 19    God:    Vehumet [......]
Gold:   37         SH:  0    Dex: 15    Spells: 5/6 levels left

rFire   . . .        c - +0 dagger
rCold   . . .        (no shield)
rNeg    . . .        a - +0 robe
rPois   .            j - +0 helmet
rElec   .            (no cloak)
rCorr   .            g - +0 pair of gloves
SInv    .            (no boots)
Will    .....        (no amulet)
Stlth   ++           (no ring)
HPRegen 0.21/turn    (no ring)
MPRegen 0.10/turn

%: no passive effects
@: no status effects
A: no striking features
a: Renounce Religion


You were on level 4 of the Dungeon.
You worshipped Vehumet.
Vehumet was noncommittal.
You visited 1 branch of the dungeon, and saw 4 of its levels.

You collected 37 gold pieces.

Inventory:

Hand Weapons
 c - a +0 dagger (weapon)
Armour
 a - a +0 robe (worn)
 g - a +0 pair of gloves (worn)
 j - a +0 helmet (worn)
Scrolls
 e - a scroll of fear {unknown}
Potions
 b - a potion of magic
 d - a potion of ambrosia {unknown}
 f - a potion of curing {unknown}
 h - a potion of attraction {unknown}
 i - a potion of mutation {unknown}


   Skills:
 * Level 2.7 Dodging
 + Level 2.4 Stealth
 * Level 3.0 Spellcasting
 + Level 5.1 Necromancy


You had 5 spell levels left.
You knew the following spells:

 Your Spells              Type           Power      Damage    Failure   Level
a - Necrotise             Necr           88%        1d8       1%          1

Your spell library contained the following spells:

 Spells                   Type           Power      Damage    Failure   Level
 Vampiric Draining        Necr           22%        2d7       5%          3
 Animate Dead             Necr           22%        N/A       19%         4
 Agony                    Necr           22%        N/A       45%         5


Dungeon Overview and Level Annotations

Branches:
Dungeon (4/15)
 Temple: D:4-7

Altars:
Okawaru
Vehumet
Zin
The Shining One


Message History

You finish putting on your +0 helmet.
You open the door.
Found a glowing silver altar of Zin.
There is an open door here.
There is an open door here.
You open the door.
There is an open door here.
An orc comes into view. It is wielding a +0 hand axe.
There is an open door here.
You open the door.
There is an open door here.
You open the door.
There is an open door here.
Found a stone staircase leading down.
A kobold comes into view.
It is wielding a +1 short sword of freezing.
The kobold shouts!
The kobold throws a stone.
The stone closely misses you.
You start waiting.
A kobold is nearby!
You barely miss the kobold.
The kobold hits you with a +1 short sword of freezing.
The kobold freezes you.
You hit the kobold but do no damage. The kobold barely misses you.
You hit the kobold but do no damage.
The kobold hits you with a +1 short sword of freezing.
The kobold freezes you.
You hit the kobold.
The kobold is moderately wounded.
The kobold misses you.
You closely miss the kobold.
The kobold is moderately wounded.
The kobold hits you with a +1 short sword of freezing.
* * * LOW HITPOINT WARNING * * *
The kobold freezes you.
* * * LOW HITPOINT WARNING * * *
You hit the kobold but do no damage.
The kobold is moderately wounded.
The kobold hits you with a +1 short sword of freezing.
Ouch! That really hurt!
You die...

####....+.......#####
_..#....#............
..##.............##########
.#'..#......#.............#
##...#...............####.#
.....#...............# #.#
..........#..........# #.#
....##....#.#+###########.#
....##....#.#.#.@.........#
..............#K###########
............#....##
..................###
.....................
...................K.#
...................>...
...##'#####.............
...##.....'..........###


You could see a kobold.

Vanquished Creatures
  2 ball pythons (D:1)
  A bat (D:3)
  A frilled lizard (D:1)
  3 kobolds
7 creatures vanquished.

Notes
Turn   | Place    | Note
-------+----------+-------------------------------------------
     0 | D:1      | Esekla the Deep Elf Necromancer began the quest for the
                  | Orb.
     0 | D:1      | Reached XP level 1. HP: 10/10 MP: 6/6
   230 | D:1      | Reached skill level 5 in Necromancy
   344 | D:4      | Found a radiant altar of Vehumet.
   348 | D:4      | Became a worshipper of Vehumet
   433 | D:4      | Found a glowing golden altar of the Shining One.
   455 | D:4      | Found an iron altar of Okawaru.
   608 | D:4      | Found a glowing silver altar of Zin.
   696 | D:4      | Slain by a kobold

Illustrated notes

Levels and vault maps discovered:
D:1:      sevenhm_arrival_forest_fort_small_3, layout_rooms,
          chequers_serial_rivers_room_b, minmay_misc_feat_five
D:2:      layout_loops_ring, dreamdust_ecumenical_altar_angels_and_demons,
          serial_shops, shop
D:3:      layout_basic, grunt_temple_overflow_open, minmay_misc_feat_iff
D:4:      layout_basic, nicolae_overflow_quartered_altars, serial_shops,
          nicolae_diamond_shop

Skill      XL: |  1 |
---------------+----+-----
Necromancy     | 5 |  5.1
Dodging        | |  2.7
Stealth        | |  2.4
Spellcasting   | |  3.0

Action                     || total
---------------------------++-------
  Melee: Short sword       ||    14
         Unarmed           ||    12
         Dagger            ||     6
   Stab: Distracted        ||     1
         Sleeping          ||     1
  Dodge: Dodged            ||    17
